 Dungeon Crawl Stone Soup version 0.28.0 (webtiles) character file.

Game seed: 4153301243243221396

72 cbfl8 the Sneak (level 4, 0/40 HPs)
             Began as a Minotaur Delver on Feb 13, 2022.
             Slain by Natasha (6 damage)
             ... on level 3 of the Dungeon.
             The game lasted 00:04:48 (2580 turns).

cbfl8 the Sneak (Minotaur Delver)                   Turns: 2580, Time: 00:04:49

Health: 0/40       AC:  4    Str: 19    XL:     4   Next: 6%
Magic:  3/3        EV: 12    Int:  7    God:
Gold:   69         SH:  0    Dex: 11    Spells: 3/3 levels left

rFire   . . .      SeeInvis +   a - +0 hand axe
rCold   . . .      Faith    .   (no shield)
rNeg    . . .      Spirit   .   b - +0 leather armour
rPois   .          Reflect  .   (helmet restricted)
rElec   .          Harm     .   (no cloak)
rCorr   .          Rampage  .   k - +0 pair of gloves
Will    .....                   (no boots)
Stlth   ++........              p - amulet of regeneration
HPRegen 0.93/turn               q - ring of see invisible
MPRegen 0.08/turn               (no ring)

@: slowed, very slow
A: horns 2, retaliatory headbutt
a: no special abilities


You were on level 3 of the Dungeon.
You visited 1 branch of the dungeon, and saw 5 of its levels.

You collected 69 gold pieces.

Inventory:

Hand Weapons
 a - a +0 hand axe (weapon)
Armour
 b - a +0 leather armour (worn)
 k - a +0 pair of gloves (worn)
Jewellery
 p - an amulet of regeneration (around neck)
 q - a ring of see invisible (left hand)
Wands
 g - a wand of digging (3)
Scrolls
 c - 2 scrolls of fog
 d - 2 scrolls of magic mapping
 e - a scroll of fear
 i - 3 scrolls of teleportation {unknown}
 m - a scroll of enchant armour {unknown}
 n - 4 scrolls of amnesia {unknown}
 o - 3 scrolls of noise {unknown}
Potions
 f - a potion of haste
 h - 2 potions of lignification {unknown}
 j - 3 potions of curing {unknown}
 l - a potion of brilliance {unknown}


   Skills:
 + Level 3.9 Fighting
 + Level 3.2 Axes
 + Level 1.9 Armour
 + Level 2.4 Dodging
 + Level 4.7 Stealth


You had 3 spell levels left.
You didn't know any spells.
Your spell library was empty.

Dungeon Overview and Level Annotations

Branches:
Dungeon (5/15)
 Temple: D:4-7

Altars:

Shops:
D:2 ?

Annotations:
D:3 2 transporters, Natasha


Innate Abilities, Weirdness & Mutations

You have a pair of horns on your head.
You reflexively headbutt those who attack you in melee.


Message History

Natasha is heavily wounded.
You closely miss the crimson imp.
Natasha stares at you and mumbles some strange words.
The magic dart hits you! The crimson imp hits you. x2
Natasha barely misses you.
You barely miss Natasha. You headbutt Natasha, but do no damage.
Natasha is heavily wounded.
You closely miss the crimson imp. Natasha barely misses you.
The crimson imp hits you.
The crimson imp hits you but does no damage.
Natasha claws you but does no damage.
You closely miss Natasha. You headbutt Natasha, but do no damage.
Natasha is heavily wounded.
You hit the crimson imp but do no damage.
The crimson imp hits you.
Natasha hisses.
Natasha claws you.
You hit Natasha.
Natasha is severely wounded.
You barely miss the crimson imp. Natasha claws you.
The crimson imp closely misses you.
Natasha stares at you and mumbles some strange words.
The magic dart hits you.
* * * LOW HITPOINT WARNING * * *
The crimson imp closely misses you.
You barely miss Natasha.
Natasha is severely wounded.
You closely miss the crimson imp. Natasha claws you.
* * * LOW HITPOINT WARNING * * *
The crimson imp barely misses you. The crimson imp completely misses you.
Natasha claws you.
* * * LOW HITPOINT WARNING * * *
You hit Natasha.
Natasha is almost dead.
You barely miss the crimson imp.
The crimson imp shouts, "Crawl home, thou vain hedge-born apple-john!"
The crimson imp hits you but does no damage.
Natasha mumbles some strange words.
Natasha claws you.
You die...

## ## ## #.. #.
.# ##...#. .#
.......####.#
......h@..#.#
....5.5##.#.# ##
## ##...#.##.#.#
... .# #..
#......# #.##.#
## ####.###
#....# #.#####
#<.#
##########.....#
####..#
#.......######.#
......#
#)......#
####.####


You could see Natasha, a crimson imp (summoned) and a shadow imp (summoned).

Vanquished Creatures
  An adder (D:2)
  A dart slug (D:1)
  5 endoplasms
  3 giant cockroaches
  2 goblins
  8 hobgoblins
  11 kobolds
  3 quokkas
  3 ball pythons
  9 bats
  3 frilled lizards
  8 rats
57 creatures vanquished.

Vanquished Creatures (others)
  2 demonic plants (D:2)
2 creatures vanquished.

Grand Total: 59 creatures vanquished

Notes
Turn   | Place    | Note
-------+----------+-------------------------------------------
     0 | D:5      | cbfl8 the Minotaur Delver began the quest for the Orb.
     0 | D:5      | Reached XP level 1. HP: 19/19 MP: 0/0
   144 | D:3      | Noticed a small abomination
   152 | D:3      | Found a transporter.
   157 | D:3      | Noticed a kobold brigand
   163 | D:3      | Noticed a toenail golem
   164 | D:3      | Found a transporter.
   169 | D:3      | Noticed a small abomination
   584 | D:2      | Found Cuggel's Magic Scroll Shop.
   595 | D:1      | Reached XP level 2. HP: 27/27 MP: 1/1
   972 | D:1      | Reached skill level 1 in Armour
  1001 | D:1      | Reached XP level 3. HP: 24/33 MP: 2/2
  1817 | D:2      | Found a faded altar of an unknown god.
  1817 | D:2      | Noticed a red devil
  2117 | D:2      | Reached XP level 4. HP: 39/40 MP: 3/3
  2570 | D:3      | Noticed Natasha
  2580 | D:3      | Slain by Natasha

Illustrated notes

Levels and vault maps discovered:
D:1:      psy_arrival_fountain, layout_rooms
D:2:      layout_rooms, dreamdust_ecumenical_altar_sealed_demon, serial_shops,
          nicolae_shop_crystal
D:3:      layout_loops_cross, nicolae_gozag_seed_capital,
          gammafunk_ghost_abyssal_escape, minmay_misc_feat_diagonals,
          palyth_stone_intersect, uniq_natasha, uniq_grinder
D:4:      layout_cave_pools, nicolae_uskayaw_suspiria,
          minmay_temple_entry_crystal_x, serial_shops, kennysheep_mini_moat,
          shop, nicolae_shop_advertising_works [nicolae_subvault_shop_adworks],
          nicolae_elevator_lobby_plus
D:5:      layout_cave_pools, serial_park, serial_park_avenue1,
          serial_park_avenue1, serial_park_tiny_2

Skill      XL: |  1  2  3 |
---------------+----------+-----
Armour         | 1 |  1.9
Axes           | 3 |  3.2
Fighting       | |  3.9
Dodging        | |  2.4
Stealth        | |  4.7

Action                   |  1- 3 |  4- 6 || total
-------------------------+-------+-------++-------
Melee: Hand axe          |   112 |    16 ||   128
       Headbutt          |    18 |     3 ||    21
 Stab: Sleeping          |     4 |     1 ||     5
Armor: Leather armour    |    41 |     5 ||    46
Dodge: Dodged            |    92 |    13 ||   105
